 Dungeon Crawl Stone Soup version 0.13-a0-3016-gcb2faac (webtiles) character file.

339 JacquesDerrida the Caller (level 5, -2/36 HPs)
             Began as a Demonspawn Summoner on Sept 13, 2013.
             Shot with a poisoned arrow by a centaur (13 damage)
             ... on Level 4 of the Dungeon.
             The game lasted 00:12:13 (4662 turns).

JacquesDerrida the Caller (Demonspawn Summoner)     Turns: 4662, Time: 00:12:13

HP  -2/36        AC  2     Str  9      XL: 5   Next: 27%
MP   7/9         EV 12     Int 17      God:
Gold 167         SH  0     Dex 13      Spells:  2 memorised,  5 levels left

Res.Fire  : + . .   See Invis. : .   x - +0,+1 orc trident
Res.Cold  : + . .   Warding    : .   a - +0 robe
Life Prot.: . . .   Conserve   : .   (no shield)
Res.Poison: .       Res.Corr.  : .   (no helmet)
Res.Elec. : .       Clarity    : .   (no cloak)
Sust.Abil.: . .     Spirit.Shd : .   (no gloves)
Res.Mut.  : .       Stasis     : .   (no boots)
Res.Rott. : .       Flight     : .   (no amulet)
Saprovore : . . .                    (no ring)
                                     w - ring of protection from fire

@: mildly poisoned, very slightly contaminated, slightly resistant to hostile
enchantments, fairly stealthy
A: claws 1, cold resistance 1
a: no special abilities


You were on level 4 of the Dungeon.
You were not hungry.

You visited 1 branch of the dungeon, and saw 4 of its levels.

You collected 147 gold pieces.

Inventory:

Hand weapons
 h - a +0,+1 orcish dagger
 p - a -1,+0 orcish club (quivered)
 x - a +0,+1 orcish trident (weapon)
Missiles
 d - 17 poisoned needles
 e - 22 arrows
 o - 6 poisoned darts
Armour
 a - a +0 robe (worn)
 y - a +0 leather armour
Comestibles
 c - 3 bread rations
 s - 2 apples
 v - a meat ration
 A - 2 chunks of worm flesh
 C - a chunk of worm flesh
Scrolls
 f - 3 scrolls of teleportation
 g - a scroll of curse armour
 m - 8 scrolls of identify
 r - 2 scrolls of amnesia {unknown}
 t - a scroll of remove curse
 B - a scroll of blinking {unknown}
Jewellery
 w - a ring of protection from fire (left claw)
Potions
 j - a potion of confusion {unknown}
 k - 2 potions of slowing {unknown}
 l - a potion of flight {unknown}
 n - a potion of invisibility {unknown}
 q - 2 potions of heal wounds {unknown}
 u - a potion of might {unknown}
 z - a potion of restore abilities {unknown}
Books
 b - a book of Callings

   Spells                             Type                      Level
   *Summon Small Mammal               Summoning                    1
   *Call Imp                          Summoning                    2
   Call Canine Familiar               Summoning                    3
   Summon Scorpions                   Summoning/Poison             4
   Summon Ice Beast                   Ice/Summoning                4


   Skills:
 - Level 2.7 Fighting
 + Level 2.6 Polearms
 - Level 1.7 Dodging
 - Level 1.7 Stealth
 - Level 2.0 Spellcasting
 - Level 4.4 Summonings


You had 5 spell levels left.
You knew the following spells:

 Your Spells              Type           Power        Failure   Level  Hunger
a - Summon Small Mammal   Summ           ###.         3%          1    #......
b - Call Imp              Summ           ###.......   6%          2    ###....


Dungeon Overview and Level Annotations

Branches:
Dungeon (4/27)
 Temple: D:4-7

Altars:
Elyvilon
Xom


Innate Abilities, Weirdness & Mutations

You have sharp fingernails.
Your flesh is cold resistant.


Message History

Casting: Summon Small Mammal
Confirm with . or Enter, or press ? or * to list all spells.
You miscast Call Imp.
You are very lightly contaminated with residual magic.
You hear strange voices.
You feel sick.
The centaur shoots a poisoned arrow.
The poisoned arrow hits you!
You are more poisoned.
* * * LOW HITPOINT WARNING * * *
You feel sick.
You feel a little better.
The centaur shoots a poisoned arrow.
The poisoned arrow hits you!
You are more poisoned.
* * * LOW HITPOINT WARNING * * *
You see here a poisoned arrow.
Drink which item? (? for menu, Esc to quit)
You feel better.
The centaur shoots a poisoned arrow.
The poisoned arrow hits you!
You are poisoned.
You die...

#...# #...# #...#
###############...#####
........................
............############
............#
.........(...#
........@....#
...........>.#
............##
..............##########
.....c.≈≈≈≈≈≈...........
......≈≈≈≈≈≈...>.......
.....≈≈_.≈≈...........
###.≈≈>⌠≈≈...........
.≈≈≈≈≈≈...........


You could see a centaur.

Vanquished Creatures
  An orc wizard (D:3)
  A worker ant (D:4)
  A giant mite (D:3)
  2 adders (D:2)
  A worm (D:2)
  2 giant geckos (D:1)
  An orc (D:3)
  4 giant cockroaches
  4 goblins
  8 hobgoblins
  6 kobolds
  A quokka (D:2)
  8 bats
  5 giant newts
  7 rats
52 creatures vanquished.

Vanquished Creatures (collateral kills)
  A worker ant (D:4)
  An adder (D:2)
  2 worms (D:4)
  5 orcs (D:3)
  7 bats
  3 goblins
  2 hobgoblins
  3 jackals (D:3)
  2 kobolds
  A quokka (D:2)
  A ball python (D:1)
28 creatures vanquished.

Vanquished Creatures (others)
  2 white imps (D:3)
  A bat (D:1)
  A grey rat (D:2)
  3 rats
7 creatures vanquished.

Grand Total: 87 creatures vanquished

Notes
Turn   | Place    | Note
--------------------------------------------------------------
     0 | D:1      | JacquesDerrida, the Demonspawn Summoner, began the quest for the Orb.
     0 | D:1      | Reached XP level 1. HP: 13/13 MP: 3/3
   429 | D:1      | Gained mutation: You have sharp fingernails. [demonic ancestry]
   429 | D:1      | Reached XP level 2. HP: 13/19 MP: 4/4
  1207 | D:1      | Learned a level 2 spell: Call Imp
  1734 | D:2      | Reached skill level 1 in Fighting
  1734 | D:2      | Gained mutation: Your flesh is cold resistant. [demonic ancestry]
  1734 | D:2      | Reached XP level 3. HP: 17/24 MP: 1/6
  2754 | D:2      | Reached XP level 4. HP: 28/31 MP: 8/8
  2995 | D:3      | Found a white marble altar of Elyvilon.
  3791 | D:3      | Reached skill level 1 in Polearms
  4348 | D:4      | Reached XP level 5. HP: 24/36 MP: 7/9
  4477 | D:4      | Found a shimmering altar of Xom.
  4659 | D:4      | Noticed a centaur
  4662 | D:4      | Shot with a poisoned arrow by a centaur

Action                   |  1- 3 |  4- 6 || total
-------------------------+-------+-------++-------
Melee: Dagger            |   173 |    48 ||   221
       Club              |     8 |       ||     8
       Unarmed           |     7 |       ||     7
       Trident           |       |    51 ||    51
Throw: Club              |     1 |       ||     1
       Dart              |     1 |       ||     1
 Cast: Summon Small Mamm |    14 |     4 ||    18
       Call Imp          |     5 |    16 ||    21
  Use: Scroll            |     4 |     1 ||     5
       Potion            |     2 |     1 ||     3
 Stab: Distracted        |     2 |       ||     2
       Sleeping          |     2 |     1 ||     3
